 Dungeon Sprint DCSS version 0.28-a0-71-g84acfa7270 (webtiles) character file.

Game seed: 1818438311833542593

470 Zeldest the Grappler (level 7, -2/37 HPs)
             Began as a Vine Stalker Transmuter on Aug 2, 2021.
             Was a Follower of Cheibriados.
             Killed from afar by a gargoyle (18 damage)
             ... with a stone arrow
             ... in the Dungeon (Sprint IX: "|||||||||||||||||||||||||||||").
             The game lasted 00:01:40 (142 turns).

Zeldest the Grappler (Vine Stalker Transmuter)       Turns: 142, Time: 00:01:41

Health: -2/37      AC: 13    Str: 17    XL:     7   Next: 9%
Magic:  0/11       EV: 10    Int: 15    God:    Cheibriados [*.....]
Gold:   0          SH:  0    Dex: 16    Spells: 9/10 levels left

rFire   . . .      SeeInvis .     - Unarmed
rCold   . . .      Faith    .   (no shield)
rNeg    . . .      Spirit   +   j - +0 plate armour
rPois   .          Reflect  .   (no helmet)
rElec   .          Harm     .   h - +0 cloak
rCorr   .          Rampage  .   (no gloves)
Will    .....      NoTele   +   i - +0 pair of boots
Stlth   ..........              (no amulet)
HPRegen 1.12/turn               k - +2 ring of evasion
MPRegen 0.12/turn               l - +2 ring of evasion

@: slowed, very slow
A: fangs 2, regeneration 1, magic shield, antimagic bite, no potion heal 2
a: Renounce Religion, Bend Time


You were in the Dungeon.
You worshipped Cheibriados.
Cheibriados was aware of your devotion.
You visited 1 branch

Inventory:

Armour
 a - a +0 robe
 h - a +0 cloak (worn)
 i - a +0 pair of boots (worn)
 j - a +0 plate armour (worn)
Jewellery
 k - a +2 ring of evasion (left hand)
 l - a +2 ring of evasion (right hand)
Wands
 g - a wand of iceblast (8)
Scrolls
 e - 2 scrolls of amnesia
 f - a scroll of blinking
Potions
 b - 5 potions of curing
 c - a potion of invisibility
 d - 3 potions of magic


   Skills:
 + Level 4.2 Fighting
 + Level 3.3 Armour
 + Level 3.9 Dodging
 + Level 11.1 Unarmed Combat
 - Level 2.1 Spellcasting
 + Level 4.7 Transmutations
 + Level 4.1 Invocations


You had 9 spell levels left.
You knew the following spells:

 Your Spells              Type           Power      Damage    Failure   Level
a - Beastly Appendage     Tmut           30%        N/A       83%         1

Your spell library contained the following spells:

 Spells                   Type           Power      Damage    Failure   Level
 Wereblood                Tmut           15%        N/A       93%         2
 Spider Form              Tmut/Pois      4%         N/A       100%        3
 Ice Form                 Ice/Tmut       8%         N/A       100%        4


Dungeon Overview and Level Annotations

Branches:
Dungeon (1/1)

Altars:
Cheibriados
Dithmenos
Elyvilon
Fedhas
Gozag
Hepliaklqana
Kikubaaqudgha
Makhleb
Nemelex Xobeh
Okawaru
Qazlal
Ru
Sif Muna
Trog
Uskayaw
Vehumet
Wu Jian
Xom
Yredelemnul
Zin
The Shining One
Beogh
Jiyva
Lugonu


Innate Abilities, Weirdness & Mutations

You have extremely sharp teeth.
Your natural rate of healing is unusually fast.
When hurt, damage is shared between your health and your magic reserves.
Your bite disrupts and absorbs the magic of your enemies.
Potions cannot restore your health.


Message History

Press: ? - help, Shift-Dir - straight line The mass of ice explodes!
The iceblast engulfs the hornet!
The hornet is heavily wounded.
You feel sick.
You are no longer poisoned.
Aiming: Iceblast
Press: ? - help, Shift-Dir - straight line The mass of ice explodes!
The iceblast engulfs the hornet!
The hornet is almost dead.
Aiming: Iceblast
Press: ? - help, Shift-Dir - straight line, f - gargoyle
Aim: a gargoyle, wielding a +0 mace
Okay, then.
Your plate armour prevents you from hitting the hornet.
Your bite misses the hornet.
The hornet is almost dead.
The hornet stings you but does no damage.
You punch the hornet!
You kill the hornet!
Cheibriados thoroughly appreciates the change of pace.
Cheibriados is now slowing the effects of poison on you.
Cheibriados raises the support of your attributes as your movement slows.
Your Fighting skill increases to level 4!
Your Armour skill increases to level 3!
Your Unarmed Combat skill increases to level 11!
Your Transmutations skill increases to level 4!
Your Invocations skill gained 2 levels and is now at level 4!
You have reached level 7!
Okay, then.
Okay, then.
Magic courses through your body.
You hit the gargoyle but do no damage.
You bite the gargoyle, but do no damage.
The gargoyle hits you but does no damage.
You hit the gargoyle but do no damage.
You bite the gargoyle, but do no damage.
The gargoyle hits you with a +0 mace.
The gargoyle hurls a stone arrow at you.
The stone arrow hits you!!
You die... ▓▓▓▓▓▓▓▓▓▓▓▓▓▓▓▓▓▓▓▓▓▓▓▓▓▓▓▓▓▓▓ ..yW{9'...yW.9@!'______________ ▓▓▓▓▓▓▓▓▓▓▓▓▓▓▓▓▓▓▓▓▓▓▓▓▓▓▓▓▓▓▓

You could see a wraith, a vampire mosquito and a gargoyle.

Vanquished Creatures
  A hornet (D)
  A wraith (D)
  An ice beast (D)
  An iguana (D)
  A worm (D)
  2 bat skeletons (D)
  3 giant cockroaches (D)
  A kobold (D)
  A frilled lizard (D)
12 creatures vanquished.

Notes
Turn   | Place    | Note
-------+----------+-------------------------------------------
     0 | D        | Zeldest the Vine Stalker Transmuter began the quest for the
                  | Orb.
     0 | D        | Reached XP level 1. HP: 9/9 MP: 4/4
     1 | D        | Banished a spatial maelstrom
    15 | D        | Reached skill level 4 in Unarmed Combat
    37 | D        | Noticed an ice beast
    37 | D        | Noticed an iguana
    39 | D        | Reached XP level 2. HP: 12/14 MP: 4/6
    41 | D        | Reached skill level 6 in Unarmed Combat
    41 | D        | Reached XP level 3. HP: 14/17 MP: 7/7
    43 | D        | Reached skill level 7 in Unarmed Combat
    45 | D        | Killed an ice beast
    46 | D        | Reached skill level 10 in Unarmed Combat
    46 | D        | Gained mutation: Your natural rate of healing is unusually
                  | fast. [Vine Stalker growth]
    46 | D        | Reached XP level 4. HP: 18/21 MP: 8/8
    46 | D        | Reached XP level 5. HP: 22/25 MP: 9/9
    52 | D        | Found a snail-covered altar of Cheibriados.
    52 | D        | Found a shadowy altar of Dithmenos.
    52 | D        | Found a white marble altar of Elyvilon.
    52 | D        | Found a blossoming altar of Fedhas.
    52 | D        | Found an opulent altar of Gozag.
    53 | D        | Found a hazy altar of Hepliaklqana.
    54 | D        | Found a viscous altar of Jiyva.
    55 | D        | Found an ancient bone altar of Kikubaaqudgha.
    56 | D        | Became a worshipper of Cheibriados the Contemplative
    57 | D        | Found a corrupted altar of Lugonu.
    58 | D        | Found a burning altar of Makhleb.
    59 | D        | Found a sparkling altar of Nemelex Xobeh.
    60 | D        | Found an iron altar of Okawaru.
    61 | D        | Found a stormy altar of Qazlal.
    62 | D        | Found a sacrificial altar of Ru.
    63 | D        | Found a shimmering blue altar of Sif Muna.
    64 | D        | Found a bloodstained altar of Trog.
    65 | D        | Found a hide-covered altar of Uskayaw.
    66 | D        | Found a radiant altar of Vehumet.
    67 | D        | Found an ornate altar of the Wu Jian Council.
    68 | D        | Found a shimmering altar of Xom.
    69 | D        | Found a basalt altar of Yredelemnul.
    70 | D        | Found a glowing silver altar of Zin.
    71 | D        | Found a glowing golden altar of the Shining One.
   117 | D        | Noticed a vampire mosquito
   117 | D        | Noticed a wraith
   117 | D        | Noticed a shadow
   117 | D        | Noticed a gargoyle
   117 | D        | Noticed a hornet
   117 | D        | Noticed a wraith
   129 | D        | Killed a wraith
   130 | D        | Reached XP level 6. HP: 21/32 MP: 4/10
   133 | D        | Paralysed by a hornet for 1 turns
   139 | D        | Killed a hornet
   139 | D        | Reached * piety under Cheibriados
   140 | D        | Reached skill level 11 in Unarmed Combat
   140 | D        | Reached XP level 7. HP: 15/37 MP: 3/11
   142 | D        | Killed from afar by a gargoyle

Illustrated notes

Levels and vault maps discovered:
D:        linesprint [early_d, line_temple, items_1, d_10, items_2, lair_1,
          lair_end, items_3, orc_1, orc_end, items_4, d_15, swamp_1, shoals_1,
          snake_1, spider_1, d_20, vaults_1, items_5, swamp_end, shoals_end,
          snake_end, spider_end, vaults_end, d_27, items_6, zot_1, zot_end,
          crypt_end, forest_end, elf_end, slime_end, tomb_end, abyss_end,
          pan_hell_end]

Skill      XL: |  1  2  3  4  5  6 |
---------------+-------------------+-----
Unarmed Combat | 4 6 10 11 | 11.1
Fighting       | 3 4 |  4.2
Armour         | 2 3 |  3.3
Dodging        | 3 |  3.9
Transmutations | 3 4 |  4.7
Invocations    | 2 4 |  4.1
Spellcasting   | |  2.1

Action                   |  1- 3 |  4- 6 |  7- 9 || total
-------------------------+-------+-------+-------++-------
Melee: Unarmed           |    29 |    21 |     2 ||    52
       Bite              |     7 |     5 |     2 ||    14
       Kick              |     4 |       |       ||     4
       Headbutt          |     1 |       |       ||     1
       Punch             |       |     2 |       ||     2
 Cast: Beastly Appendage |     2 |       |       ||     2
Evoke: Wand              |       |     2 |       ||     2
  Use: Potion            |     2 |       |     1 ||     3
       Scroll            |       |     1 |       ||     1
Armor: Robe              |     3 |     1 |       ||     4
       Plate armour      |       |     9 |     1 ||    10
Dodge: Dodged            |    15 |     6 |       ||    21

Table legend: (Time is in decaauts)
 A = Elapsed time spent in this place.
 B = Non-inter-level travel time spent in this place.
 C = Inter-level travel time spent in this place.
 D = Time resting spent in this place.
 E = Time spent auto-exploring this place.
 F = Levels seen in this place.
 G = Mean time per level.
                   A        B        C        D        E       F      G
               +--------+--------+--------+--------+--------+-----+--------+
         Total |    140 |    140 |      0 |      0 |      0 |   1 |  140.0 |
       Dungeon |    140 |    140 |      0 |      0 |      0 |   1 |  140.0 |
               +--------+--------+--------+--------+--------+-----+--------+

Top non-repeatable levels by time:
       D: 140 daAuts
